APP
OAKLAND (APP) ATHLETICS @ PRINCETON RAYS
06/17/2044
 
TOP OF THE 1ST
Oakland (APP) Athletics batting - Pitching for Princeton Rays : LHP Jonathan Daniels
Pitching: LHP Jonathan Daniels
Batting: RHB Steve Blackshear 0-0: Called Strike
0-1: SINGLE (Groundball, 6MD, EV 96.2 MPH)
Batting: RHB Branden Mackie 0-0: Foul Ball, location: 2F
0-1: Foul Ball, location: 2F
0-2: Strikes out swinging
Batting: RHB Josh Whaley 0-0: Called Strike
0-1: Called Strike
0-2: Ball
1-2: Foul Ball, location: 2F
1-2: Ball
2-2: Ground out 6-3 (Groundball, 6, EV 93.1 MPH)
Steve Blackshear to second
Batting: LHB Augustin Cormier 0-0: Fly out, F9 (Line Drive, 9, EV 90.6 MPH)
Top of the 1st over - 0 runs, 1 hit, 0 errors, 1 left on base; Oakland (APP) 0 - Princeton 0
BOTTOM OF THE 1ST
Princeton Rays batting - Pitching for Oakland (APP) Athletics : LHP David Arnold
Pitching: LHP David Arnold
Batting: RHB James Huddleston 0-0: Called Strike
0-1: Ball
1-1: Called Strike
1-2: SINGLE (Line Drive, 89S, EV 90.6 MPH)
Batting: RHB Hector Silva 0-0: Called Strike
0-1: Foul Ball, location: 2F
0-2: SINGLE (Groundball, 6MD, EV 95.6 MPH)
James Huddleston to second
Throwing error, E8
James Huddleston scores
Hector Silva to second
Batting: RHB Dan Marks 0-0: Called Strike
0-1: Foul Ball, location: 2F
0-2: Strikes out swinging
Batting: RHB Wil Urban 0-0: Ball
1-0: Foul Ball, location: 2F
1-1: Ball
2-1: Ball
3-1: Foul Ball, location: 2F
3-2: Strikes out swinging
Batting: SHB Lou Kroneman 0-0: Called Strike
0-1: Ball
1-1: Ball
2-1: Foul Ball, location: 2F
2-2: Ball
3-2: Base on Balls
Batting: RHB Chris Thorson 0-0: Ball
1-0: Ball
2-0: SINGLE (Flyball, 9LS, EV 91.9 MPH)
Hector Silva to third
Lou Kroneman to second
Runner from 3rd tries for Home, SAFE, throw by RF to home
Batting: SHB Wayne Hattan 0-0: Swinging Strike
0-1: Ground out 5-3 (Groundball, 5L, EV 78.8 MPH)
Bottom of the 1st over - 2 runs, 3 hits, 1 error, 2 left on base; Oakland (APP) 0 - Princeton 2
TOP OF THE 2ND
Oakland (APP) Athletics batting - Pitching for Princeton Rays : LHP Jonathan Daniels
Batting: RHB Tetsuya Shinoda 0-0: Foul Ball, location: 2F
0-1: Swinging Strike
0-2: Ball
1-2: Ball
2-2: Strikes out swinging
Batting: RHB Walt Alaniz 0-0: Ball
1-0: Fly out, F9 (Flyball, 9, EV 87.5 MPH)
Batting: RHB Chris Temple 0-0: Swinging Strike
0-1: SOLO HOME RUN (Flyball, 78XD, EV 103.1 MPH), Distance : 421 ft
Batting: SHB George Marshall 0-0: Fly out, F3 (Line Drive, 3, EV 63.8 MPH)
Top of the 2nd over - 1 run, 1 hit, 0 errors, 0 left on base; Oakland (APP) 1 - Princeton 2
BOTTOM OF THE 2ND
Princeton Rays batting - Pitching for Oakland (APP) Athletics : LHP David Arnold
Batting: RHB Kunizo Yanagisawa 0-0: Ball
1-0: Called Strike
1-1: Called Strike
1-2: SINGLE (Groundball, 56D, EV 97.5 MPH)
Batting: LHB Josh Redfern 0-0: Ball
1-0: Called Strike
1-1: Ball
2-1: Ball
3-1: SINGLE (Groundball, 6D, EV 111.2 MPH)
Kunizo Yanagisawa to second
Batting: RHB James Huddleston 0-0: Called Strike
0-1: Swinging Strike
0-2: Ball
1-2: Ball
2-2: Strikes out looking
Batting: RHB Hector Silva 0-0: Ball
1-0: Called Strike
1-1: Ball
2-1: Ball
3-1: Swinging Strike
3-2: Foul Ball, location: 2F
3-2: Foul Ball, location: 2F
3-2: Base on Balls
Kunizo Yanagisawa to third
Josh Redfern to second
Batting: RHB Dan Marks 0-0: Ball
1-0: Foul Ball, location: 2F
1-1: Foul Ball, location: 2F
1-2: Ball
2-2: Fly out, F8 (Flyball, 8LD, EV 85.0 MPH)
Runner from 3rd tags up, SCORES, no throw by CF
Batting: RHB Wil Urban 0-0: Called Strike
0-1: Ball
1-1: Fly out, F5 (Line Drive, 5, EV 75.0 MPH)
Bottom of the 2nd over - 1 run, 2 hits, 0 errors, 2 left on base; Oakland (APP) 1 - Princeton 3
TOP OF THE 3RD
Oakland (APP) Athletics batting - Pitching for Princeton Rays : LHP Jonathan Daniels
Batting: RHB Tim Anderson 0-0: Ball
1-0: Called Strike
1-1: Foul Ball, location: 2F
1-2: Ball
2-2: Ground out 4-3 (Groundball, 4, EV 85.6 MPH)
Batting: RHB Steve Blackshear 0-0: Foul Ball, location: 2F
0-1: Foul Ball, location: 2F
0-2: Ball
1-2: Foul Ball, location: 2F
1-2: Ball
2-2: Ball
3-2: Ground out 6-3 (Groundball, 6, EV 101.2 MPH)
Batting: RHB Branden Mackie 0-0: DOUBLE (Line Drive, 78XD, EV 113.1 MPH) - OUT at third base trying to stretch hit.
Top of the 3rd over - 0 runs, 1 hit, 0 errors, 0 left on base; Oakland (APP) 1 - Princeton 3
BOTTOM OF THE 3RD
Princeton Rays batting - Pitching for Oakland (APP) Athletics : LHP David Arnold
Batting: SHB Lou Kroneman 0-0: Called Strike
0-1: Foul Ball, location: 2F
0-2: Ball
1-2: Ground out U3 (Groundball, 34, EV 79.4 MPH)
Batting: RHB Chris Thorson 0-0: Ball
1-0: Ball
2-0: Ball
3-0: Base on Balls
Batting: SHB Wayne Hattan 0-0: Ball
1-0: Ball
2-0: Called Strike
2-1: Called Strike
2-2: Strikes out swinging
Chris Thorson steals 2nd base
Batter strikes out.
Batting: RHB Kunizo Yanagisawa 0-0: Called Strike
0-1: Ball
1-1: Ball
2-1: Ball
3-1: Foul Ball, location: 2F
3-2: Base on Balls
Batting: LHB Josh Redfern 0-0: Ball
Wild Pitch!
Chris Thorson to third
Kunizo Yanagisawa to second
1-0: Ball
2-0: Foul Ball, location: 2F
2-1: Fly out, F8 (Flyball, 8RXD, EV 93.1 MPH)
Bottom of the 3rd over - 0 runs, 0 hits, 0 errors, 2 left on base; Oakland (APP) 1 - Princeton 3
TOP OF THE 4TH
Oakland (APP) Athletics batting - Pitching for Princeton Rays : LHP Jonathan Daniels
Batting: RHB Josh Whaley 0-0: Called Strike
0-1: Ball
1-1: Ball
2-1: Called Strike
2-2: Strikes out swinging
Batting: LHB Augustin Cormier 0-0: Ball
1-0: Called Strike
1-1: Foul Ball, location: 2F
1-2: Ball
2-2: Strikes out swinging
Batting: RHB Tetsuya Shinoda 0-0: SINGLE (Line Drive, 6D, EV 106.2 MPH)
Batting: RHB Walt Alaniz 0-0: Ball
1-0: Ground out 1-3 (Groundball, 13S, EV 68.1 MPH)
Top of the 4th over - 0 runs, 1 hit, 0 errors, 1 left on base; Oakland (APP) 1 - Princeton 3
BOTTOM OF THE 4TH
Princeton Rays batting - Pitching for Oakland (APP) Athletics : LHP David Arnold
Batting: RHB James Huddleston 0-0: Ball
1-0: Ball
2-0: Foul Ball, location: 2F
2-1: Fly out, F6 (Flyball, 6D, EV 77.5 MPH)
Batting: RHB Hector Silva 0-0: Foul Ball, location: 2F
0-1: SINGLE (Line Drive, 89S, EV 105.0 MPH)
Batting: RHB Dan Marks 0-0: Ball
1-0: Ball
Wild Pitch!
Hector Silva to second
2-0: Ground out 5-3 (Groundball, 56S, EV 80.0 MPH)
Batting: RHB Wil Urban 0-0: Ball
1-0: Called Strike
1-1: Foul Ball, location: 2F
1-2: Ball
2-2: Strikes out looking
Bottom of the 4th over - 0 runs, 1 hit, 0 errors, 1 left on base; Oakland (APP) 1 - Princeton 3
TOP OF THE 5TH
Oakland (APP) Athletics batting - Pitching for Princeton Rays : LHP Jonathan Daniels
Batting: RHB Chris Temple 0-0: Swinging Strike
0-1: Ball
1-1: Fly out, F9 (Flyball, 89D, EV 96.2 MPH)
Batting: SHB George Marshall 0-0: Called Strike
0-1: Ground out 5-3 (Groundball, 5, EV 108.1 MPH)
Batting: RHB Tim Anderson 0-0: Ball
1-0: Foul Ball, location: 2F
1-1: Swinging Strike
1-2: Strikes out swinging
Top of the 5th over - 0 runs, 0 hits, 0 errors, 0 left on base; Oakland (APP) 1 - Princeton 3
BOTTOM OF THE 5TH
Princeton Rays batting - Pitching for Oakland (APP) Athletics : LHP David Arnold
Batting: SHB Lou Kroneman 0-0: Ball
1-0: Ball
2-0: Foul Ball, location: 2F
2-1: Swinging Strike
2-2: Strikes out looking
Batting: RHB Chris Thorson 0-0: Called Strike
0-1: Ball
1-1: Foul Ball, location: 2F
1-2: DOUBLE (Flyball, 8RXD, EV 86.2 MPH)
Batting: SHB Wayne Hattan 0-0: Swinging Strike
0-1: Ball
1-1: Ball
2-1: Foul Ball, location: 2F
2-2: Ball
3-2: Base on Balls
Pitching: LHP Kalaida Steedman
Batting: RHB Kunizo Yanagisawa 0-0: Swinging Strike
0-1: Ball
1-1: Called Strike
1-2: Fielders Choice at 2nd, 6-4 (Groundball, 56, EV 89.4 MPH)
Chris Thorson to third
Batting: LHB Josh Redfern 0-0: Called Strike
0-1: Foul Ball, location: 2F
0-2: Strikes out swinging
Bottom of the 5th over - 0 runs, 1 hit, 0 errors, 2 left on base; Oakland (APP) 1 - Princeton 3
TOP OF THE 6TH
Oakland (APP) Athletics batting - Pitching for Princeton Rays : LHP Jonathan Daniels
Batting: RHB Steve Blackshear 0-0: Called Strike
0-1: Ball
1-1: Ball
2-1: Ball
3-1: Foul Ball, location: 2F
3-2: Strikes out swinging
Batting: RHB Branden Mackie 0-0: Swinging Strike
0-1: Ball
1-1: Ball
2-1: Ground out 6-3 (Groundball, 6S, EV 90.6 MPH)
Batting: RHB Josh Whaley 0-0: Ball
1-0: Foul Ball, location: 2F
1-1: Swinging Strike
1-2: Foul Ball, location: 2F
1-2: Ball
2-2: Fly out, F7 (Flyball, 7LD, EV 97.5 MPH)
Top of the 6th over - 0 runs, 0 hits, 0 errors, 0 left on base; Oakland (APP) 1 - Princeton 3
BOTTOM OF THE 6TH
Princeton Rays batting - Pitching for Oakland (APP) Athletics : LHP Kalaida Steedman
Batting: RHB James Huddleston 0-0: Ball
1-0: Foul Ball, location: 2F
1-1: Called Strike
1-2: Foul Ball, location: 2F
1-2: Strikes out swinging
Batting: RHB Hector Silva 0-0: Foul Ball, location: 2F
0-1: Ground out 6-3 (Groundball, 6, EV 103.8 MPH)
Batting: RHB Dan Marks 0-0: Ball
1-0: Ground out 4-3 (Groundball, 4, EV 84.4 MPH)
Bottom of the 6th over - 0 runs, 0 hits, 0 errors, 0 left on base; Oakland (APP) 1 - Princeton 3
TOP OF THE 7TH
Oakland (APP) Athletics batting - Pitching for Princeton Rays : LHP Jonathan Daniels
Batting: LHB Augustin Cormier 0-0: Ball
1-0: Ground out 4-3 (Groundball, 34, EV 83.8 MPH)
Batting: RHB Tetsuya Shinoda 0-0: Ball
1-0: SINGLE (Groundball, 6MD, EV 100.0 MPH)
Batting: RHB Walt Alaniz 0-0: Fly out, F8 (Flyball, 8LXD, EV 92.5 MPH)
Batting: RHB Chris Temple 0-0: Foul Ball, location: 2F
0-1: SINGLE (Groundball, 34D, EV 101.9 MPH)
Tetsuya Shinoda to second
Runner from 2nd tries for 3rd, OUT! 9-5
Top of the 7th over - 0 runs, 2 hits, 0 errors, 1 left on base; Oakland (APP) 1 - Princeton 3
BOTTOM OF THE 7TH
Princeton Rays batting - Pitching for Oakland (APP) Athletics : LHP Kalaida Steedman
Batting: RHB Wil Urban 0-0: Ball
1-0: Ball
2-0: Ball
3-0: Base on Balls
Batting: SHB Lou Kroneman 0-0: Called Strike
0-1: Foul Ball, location: 2F
0-2: Ball
1-2: Foul Ball, location: 2F
1-2: Ball
2-2: Strikes out swinging
Batting: RHB Chris Thorson 0-0: Called Strike
0-1: SINGLE (Flyball, 34D, EV 90.0 MPH)
Wil Urban to second
Batting: SHB Wayne Hattan 0-0: Swinging Strike
0-1: Ball
1-1: 3-RUN HOME RUN (Flyball, 7LD, EV 90.6 MPH), Distance : 333 ft
Pitching: RHP Victor Sanchez
Batting: RHB Kunizo Yanagisawa 0-0: Ball
1-0: Ground out 6-3 (Groundball, 6, EV 103.1 MPH)
Batting: LHB Josh Redfern 0-0: Ball
1-0: Ball
2-0: Called Strike
2-1: Ball
3-1: Base on Balls
Batting: RHB James Huddleston 0-0: Called Strike
0-1: Ball
1-1: Foul Ball, location: 2F
1-2: Fly out, F4 (Popup, 3, EV 65.6 MPH)
Bottom of the 7th over - 3 runs, 2 hits, 0 errors, 1 left on base; Oakland (APP) 1 - Princeton 6
TOP OF THE 8TH
Oakland (APP) Athletics batting - Pitching for Princeton Rays : LHP Jonathan Daniels
Batting: SHB George Marshall 0-0: Ball
1-0: Ball
2-0: Ground out U3 (Groundball, 3, EV 96.9 MPH)
Batting: RHB Tim Anderson 0-0: Swinging Strike
0-1: Swinging Strike
0-2: Strikes out swinging
Batting: RHB Steve Blackshear 0-0: Ball
1-0: Ball
2-0: Ball
3-0: Called Strike
3-1: Base on Balls
Batting: RHB Branden Mackie 0-0: Ball
1-0: Hit by Pitch
Steve Blackshear to second
Batting: RHB Josh Whaley 0-0: Ball
1-0: Ball
2-0: Ball
3-0: Base on Balls
Steve Blackshear to third
Branden Mackie to second
Batting: LHB Augustin Cormier 0-0: Ball
1-0: Ball
2-0: Foul Ball, location: 2F
2-1: Fly out, F9 (Flyball, 89M, EV 91.9 MPH)
Top of the 8th over - 0 runs, 0 hits, 0 errors, 3 left on base; Oakland (APP) 1 - Princeton 6
BOTTOM OF THE 8TH
Princeton Rays batting - Pitching for Oakland (APP) Athletics : RHP Victor Sanchez
Batting: RHB Hector Silva 0-0: Called Strike
0-1: Foul Ball, location: 2F
0-2: Strikes out looking
Batting: RHB Dan Marks 0-0: Ball
1-0: Foul Ball, location: 2F
1-1: Ball
2-1: Ball
3-1: Base on Balls
Batting: RHB Wil Urban 0-0: Foul Ball, location: 2F
0-1: Foul Ball, location: 2F
0-2: Foul Ball, location: 2F
0-2: Ball
1-2: Ball
2-2: 2-RUN HOME RUN (Flyball, 9D, EV 99.4 MPH), Distance : 392 ft
Batting: SHB Lou Kroneman 0-0: Called Strike
0-1: Ball
1-1: Called Strike
1-2: Strikes out swinging
Batting: RHB Chris Thorson 0-0: Ball
1-0: Ball
2-0: Foul Ball, location: 2F
2-1: Ball
3-1: Foul Ball, location: 2F
3-2: Foul Ball, location: 2F
3-2: Base on Balls
Batting: SHB Wayne Hattan 0-0: Called Strike
Chris Thorson steals 2nd, throwing error, E2
Chris Thorson to third
0-1: Foul Ball, location: 2F
0-2: Ball
1-2: Ball
2-2: Foul Ball, location: 2F
2-2: Ball
3-2: Strikes out swinging
Bottom of the 8th over - 2 runs, 1 hit, 1 error, 1 left on base; Oakland (APP) 1 - Princeton 8
TOP OF THE 9TH
Oakland (APP) Athletics batting - Pitching for Princeton Rays : LHP Jonathan Daniels
Pinch Hitting: LHB Roscoe Romaine 0-0: Swinging Strike
0-1: Ball
1-1: Swinging Strike
1-2: Ball
2-2: Ball
3-2: Foul Ball, location: 2F
3-2: Foul Ball, location: 2F
3-2: Base on Balls
Batting: RHB Walt Alaniz 0-0: Fly out, F8 (Flyball, 78M, EV 75.6 MPH)
Batting: RHB Jon Coleman 0-0: Swinging Strike
0-1: Ball
1-1: Foul Ball, location: 2F
1-2: Foul Ball, location: 2F
1-2: Ball
2-2: Foul Ball, location: 2F
2-2: Fly out, F5 (Flyball, 56D, EV 71.2 MPH)
Pitching: RHP Federico Jimenez
Batting: SHB George Marshall 0-0: SINGLE (Line Drive, 7S, EV 107.5 MPH)
Roscoe Romaine to second
Batting: RHB Tim Anderson 0-0: Called Strike
0-1: SINGLE (Groundball, P, EV 79.4 MPH) (infield hit)
Roscoe Romaine to third
George Marshall to second
Batting: RHB Steve Blackshear 0-0: Called Strike
0-1: Swinging Strike
0-2: Strikes out swinging
Top of the 9th over - 0 runs, 2 hits, 0 errors, 3 left on base; Oakland (APP) 1 - Princeton 8
Thursday, March 31st , 2022 - OOTP Baseball 22.12 Build 89